 Dungeon Crawl Stone Soup version 0.28.0-53-g5a82cb258f (webtiles) character file.

Game seed: 74767381116907298

92 Plasmagod the Thrower (level 4, 0/34 HPs)
             Began as a Gnoll Wanderer on Aug 2, 2022.
             Slain by a scorpion (8 damage)
             ... on level 3 of the Dungeon.
             The game lasted 00:03:01 (1707 turns).

Plasmagod the Thrower (Gnoll Wanderer)              Turns: 1707, Time: 00:03:02

Health: 0/34       AC:  2    Str: 12    XL:     4   Next: 60%
Magic:  6/6        EV: 12    Int: 11    God:
Gold:   52         SH:  0    Dex: 13    Spells: 5/5 levels left

rFire   . . .      SeeInvis .   c - +0 hand crossbow
rCold   . . .      Faith    .   (no shield)
rNeg    . . .      Spirit   .   g - +0 robe
rPois   .          Reflect  .   (no helmet)
rElec   .          Harm     .   (no cloak)
rCorr   .          Rampage  .   (no gloves)
Will    .....                   (no boots)
Stlth   ++........              (no amulet)
HPRegen 0.11/turn               (no ring)
MPRegen 0.10/turn               (no ring)

@: lethally poisoned (0 -> -9)
A: fangs 1, strong nose, distributed training
a: no special abilities


You were on level 3 of the Dungeon.
You visited 1 branch of the dungeon, and saw 3 of its levels.

You collected 52 gold pieces.

Inventory:

Hand Weapons
 a - a +2 hunting sling
 c - a +0 hand crossbow (weapon)
 f - a +0 dagger
Missiles
 b - 5 sling bullets
 d - 41 bolts (quivered ammo)
 e - 8 boomerangs
Armour
 g - a +0 robe (worn)
Magical Staves
 p - a staff of conjuration
Jewellery
 i - a ring of fire
Scrolls
 j - a scroll of enchant weapon {unknown}
 m - a scroll of summoning {unknown}
 n - a scroll of identify {unknown}
 o - a scroll of vulnerability {unknown}
 q - 2 scrolls of noise {unknown}
 s - 3 scrolls of blinking {unknown}
Potions
 h - a potion of haste {unknown}
 k - a potion of attraction {unknown}
 l - a potion of flight {unknown}
 r - a potion of might {unknown}
 t - 2 potions of heal wounds {unknown}
 u - a potion of invisibility {unknown}


   Skills:
 + Level 2.8 Fighting
 + Level 1.2 Short Blades
 + Level 1.2 Long Blades
 + Level 1.2 Axes
 + Level 1.2 Maces & Flails
 + Level 1.2 Polearms
 + Level 1.2 Staves
 + Level 6.6 Slings
 + Level 1.2 Bows
 + Level 2.8 Crossbows
 + Level 8.6 Throwing
 + Level 1.2 Armour
 + Level 1.2 Dodging
 + Level 1.2 Stealth
 + Level 1.2 Shields
 + Level 1.2 Unarmed Combat
 + Level 1.2 Spellcasting
 + Level 1.0 Conjurations
 + Level 1.0 Hexes
 + Level 1.0 Summonings
 + Level 1.0 Necromancy
 + Level 1.0 Translocations
 + Level 1.0 Transmutations
 + Level 1.0 Fire Magic
 + Level 1.0 Ice Magic
 + Level 1.0 Air Magic
 + Level 1.0 Earth Magic
 + Level 1.0 Poison Magic
 + Level 2.9 Invocations
 + Level 1.2 Evocations


You had 5 spell levels left.
You didn't know any spells.
Your spell library contained the following spells:

 Spells                   Type           Power      Damage    Failure   Level
 Animate Skeleton         Necr           4%         N/A       22%         1
 Apportation              Tloc           4%         N/A       22%         1
 Summon Small Mammal      Summ           8%         N/A       22%         1


Dungeon Overview and Level Annotations

Branches:
Dungeon (3/15)

Altars:
Fedhas


Innate Abilities, Weirdness & Mutations

You have very sharp teeth.
Your uncanny sense of smell can sniff out nearby items.
Your experience applies equally to all skills.


Message History

You see here a hobgoblin corpse.
b - 2 sling bullets (gained 1)
b - 3 sling bullets (gained 1)
l - 21 stones (gained 1)
b - 5 sling bullets (gained 2)
u - a viscous black potion You drop 21 stones.
l - a fuming clear potion
c - a +0 hand crossbow (weapon)
Found an escape hatch in the floor.
There is an escape hatch in the floor here.
There is an escape hatch in the floor here.
You shoot a bolt. The bolt barely misses the scorpion.
You shoot a bolt. The bolt barely misses the scorpion.
The scorpion stings you. The scorpion closely misses you.
You shoot a bolt. The bolt barely misses the scorpion.
The scorpion stings you! The scorpion stings you.
You are too injured to fight recklessly!
Fire: 44 bolts
Press: ? - help, Q - select action, (/) - cycle Shift-Dir - straight line, f/p - scorpion
Aim: a scorpion (63% to hit)
You shoot a bolt. The bolt closely misses the scorpion.
The scorpion completely misses you.
Fire: 43 bolts
Press: ? - help, Q - select action, (/) - cycle Shift-Dir - straight line, f/p - scorpion
Aim: a scorpion (63% to hit)
You shoot a bolt. The bolt hits the scorpion!
The scorpion is heavily wounded.
The scorpion stings you.
You are lethally poisoned!
The scorpion poisons you! The scorpion closely misses you.
Fire: 42 bolts
Press: ? - help, Q - select action, (/) - cycle Shift-Dir - straight line, f/p - scorpion
Aim: a scorpion (heavily wounded, 63% to hit)
You shoot a bolt. The bolt hits the scorpion!
The scorpion is severely wounded.
* * * LOW HITPOINT WARNING * * *
You feel very sick. The scorpion stings you!
You die...

#...# ##.### .
#..# ..### ##.##
##......## #..#
##.......$#
##.##
#........(. #..#
#..........##.##
#.(........s@.#
#..........####
#..s..(....
#.<......#
#..........
#..........
#..........
#...(..(...
#..........


You could see a scorpion.

Vanquished Creatures
  Jessica (D:2)
  A gnoll (D:1)
  2 adders
  10 ball pythons
  3 endoplasms
  A goblin (D:1)
  5 hobgoblins
  3 kobolds (D:1)
  3 quokkas
  5 bats
  A frilled lizard (D:1)
  4 rats (D:1)
39 creatures vanquished.

Notes
Turn   | Place    | Note
-------+----------+-------------------------------------------
     0 | D:1      | Plasmagod the Gnoll Wanderer began the quest for the Orb.
     0 | D:1      | Plasmagod set off with the following items: a +2 hunting
                  | sling, 18 sling bullets, a +0 hand crossbow, 26 bolts, 8
                  | boomerangs, a +0 dagger, a +0 robe
     0 | D:1      | Reached XP level 1. HP: 17/17 MP: 2/2
   124 | D:1      | Reached XP level 2. HP: 23/23 MP: 3/3
   601 | D:1      | Reached XP level 3. HP: 28/28 MP: 4/4
   957 | D:2      | Found a faded altar of an unknown god.
   962 | D:2      | Noticed Jessica
   974 | D:2      | Killed Jessica
   975 | D:2      | Reached skill level 1 in Short Blades
   975 | D:2      | Reached skill level 1 in Long Blades
   975 | D:2      | Reached skill level 1 in Axes
   975 | D:2      | Reached skill level 1 in Maces & Flails
   975 | D:2      | Reached skill level 1 in Polearms
   975 | D:2      | Reached skill level 1 in Staves
   975 | D:2      | Reached skill level 1 in Bows
   975 | D:2      | Reached skill level 1 in Armour
   975 | D:2      | Reached skill level 1 in Dodging
   975 | D:2      | Reached skill level 1 in Stealth
   975 | D:2      | Reached skill level 1 in Shields
   975 | D:2      | Reached skill level 1 in Unarmed Combat
   975 | D:2      | Reached skill level 1 in Spellcasting
   975 | D:2      | Reached skill level 1 in Evocations
   975 | D:2      | Reached XP level 4. HP: 34/34 MP: 6/6
  1272 | D:2      | Found a blossoming altar of Fedhas.
  1572 | D:3      | Noticed a scorpion
  1575 | D:3      | Reached skill level 1 in Conjurations
  1575 | D:3      | Reached skill level 1 in Hexes
  1575 | D:3      | Reached skill level 1 in Summonings
  1575 | D:3      | Reached skill level 1 in Necromancy
  1575 | D:3      | Reached skill level 1 in Translocations
  1575 | D:3      | Reached skill level 1 in Transmutations
  1575 | D:3      | Reached skill level 1 in Fire Magic
  1575 | D:3      | Reached skill level 1 in Ice Magic
  1575 | D:3      | Reached skill level 1 in Air Magic
  1575 | D:3      | Reached skill level 1 in Earth Magic
  1575 | D:3      | Reached skill level 1 in Poison Magic
  1707 | D:3      | Slain by a scorpion

Illustrated notes

Levels and vault maps discovered:
D:1:      mrwooster_arrival_statue, layout_loops_cross, minmay_hexomino_f4
D:2:      layout_basic, basic_altar, hellmonk_ecumenical_altar_arch_garden,
          grunt_decor_one_mirror, ebering_dispersal_statue_hall, uniq_jessica
D:3:      layout_rooms, uniq_sigmund

Skill      XL: |  1  2  3  4 |
---------------+-------------+-----
Short Blades   | 1 |  1.2
Long Blades    | 1 |  1.2
Axes           | 1 |  1.2
Maces & Flails | 1 |  1.2
Polearms       | 1 |  1.2
Staves         | 1 |  1.2
Bows           | 1 |  1.2
Armour         | 1 |  1.2
Dodging        | 1 |  1.2
Stealth        | 1 |  1.2
Shields        | 1 |  1.2
Unarmed Combat | 1 |  1.2
Spellcasting   | 1 |  1.2
Evocations     | 1 |  1.2
Conjurations   | 1 |  1.0
Hexes          | 1 |  1.0
Summonings     | 1 |  1.0
Necromancy     | 1 |  1.0
Translocations | 1 |  1.0
Transmutations | 1 |  1.0
Fire Magic     | 1 |  1.0
Ice Magic      | 1 |  1.0
Air Magic      | 1 |  1.0
Earth Magic    | 1 |  1.0
Poison Magic   | 1 |  1.0
Fighting       | |  2.8
Slings         | |  6.6
Crossbows      | |  2.8
Throwing       | |  8.6
Invocations    | |  2.9

Action                   |  1- 3 |  4- 6 || total
-------------------------+-------+-------++-------
 Fire: Hunting sling     |    51 |    21 ||    72
       Hand crossbow     |       |     6 ||     6
Dodge: Dodged            |     3 |     5 ||     8
